AoeStats
← Dniskhan

Yucatan

510824966Analyzed
3v3 RM · 1d ago on Oct 2, 2026· 49m 0s· 6 players
Game mode
Random Map
Map size
Normal (6 player)
Population
200
Speed
Normal
Resources
Standard
Victory
Conquest
Starting age
Dark Age
Ending age
Imperial Age
RankedLock teamsTeams togetherTeam positionsShared explorationLock speedFull tech treeHidden civsTurbo modeCheats
Victory
Defeat
🇩🇪 Goths · Germany
1258
+9
🇩🇪 Italians · Germany
1205
+11
🇩🇪 Burgundians · Germany
931
+22
🇩🇪 Franks · Germany
1115
-15
🇩🇪 Vietnamese · Germany
1093
-14
🇩🇪 Mongols · Germany
1065
-13
Dniskhan
7:35 Loom
11:19 Feudal Age
17:28 Castle Age
16:34 Forging
18:00 Scale Barding Armor
20:12 Double-Bit Axe
24:30 Iron Casting
28:58 Chain Barding Armor
29:55 Wheelbarrow
29:42 Husbandry
29:56 Fletching
32:42 Gold Mining
32:43 Stone Mining
33:20 Bow Saw
33:24 Town Watch
35:05 Hand Cart
37:18 Gold Shaft Mining
40:07 Imperial Age
37:49 Bodkin Arrow
39:56 Padded Archer Armor
41:17 Town Patrol
42:02 Leather Archer Armor
42:54 Chemistry
43:52 Blast Furnace
43:27 Plate Barding Armor
42:16 Cavalier
47:06 Ballistics
Chrille
7:25 Loom
9:52 Feudal Age
10:26 Double-Bit Axe
21:22 Castle Age
20:00 Fletching
23:00 Bow Saw
22:31 Horse Collar
24:44 Heavy Plow
25:22 Wheelbarrow
27:12 Hand Cart
27:38 Pikeman
30:43 Town Watch
35:38 Imperial Age
33:41 Bodkin Arrow
33:46 Padded Archer Armor
33:08 Crossbowman
34:11 Ballistics
34:51 Leather Archer Armor
34:50 Fortified Wall
34:36 Murder Holes
34:52 Masonry
35:07 Gold Mining
35:07 Stone Mining
35:38 Squires
35:46 Scale Barding Armor
35:42 Scale Mail Armor
38:12 Two-Man Saw
37:42 Crop Rotation
36:34 Arbalester
37:20 Thumb Ring
38:26 Chemistry
39:24 Ring Archer Armor
38:54 Bracer
39:34 Chain Barding Armor
39:25 Forging
39:15 Arson
38:51 Man-at-Arms
40:05 Long Swordsman
40:41 Two-Handed Swordsman
41:51 Champion
45:06 Chain Mail Armor
46:52 Plate Mail Armor
46:57 Iron Casting
49:02 Plate Barding Armor
Dr. LapuLapu
7:11 Loom
13:07 Feudal Age
17:22 Castle Age
17:59 Bloodlines
18:28 Scale Barding Armor
18:42 Double-Bit Axe
18:40 Horse Collar
19:55 Bow Saw
19:47 Heavy Plow
29:17 Wheelbarrow
29:24 Padded Archer Armor
31:01 Hand Cart
30:43 Fletching
30:15 Elite Skirmisher
31:33 Bodkin Arrow
32:44 Leather Archer Armor
36:22 Imperial Age
35:15 Gold Mining
35:16 Stone Mining
35:59 Forging
37:51 Iron Casting
37:45 Ballistics
37:13 Light Cavalry
38:30 Conscription
37:47 Imperial Skirmisher
39:34 Thumb Ring
39:32 Husbandry
38:56 Cavalier
41:28 Chemistry
41:11 Bracer
42:50 Gold Shaft Mining
42:51 Stone Shaft Mining
44:17 Hussar
46:53 Blast Furnace
46:14 Chain Barding Armor
47:05 Scale Mail Armor
dunpeal30
11:46 Feudal Age
10:05 Loom
12:31 Double-Bit Axe
13:04 Fishing Lines
19:54 Castle Age
18:27 Fletching
19:12 Padded Archer Armor
19:07 Gold Mining
20:59 Bow Saw
20:55 Bodkin Arrow
21:10 Crossbowman
23:07 Thumb Ring
25:32 Medium Warships
27:14 Gillnets
30:31 Horse Collar
31:50 Ballistics
31:42 Heavy Plow
34:46 Imperial Age
35:24 Leather Archer Armor
35:32 Bracer
36:53 Two-Man Saw
37:27 Chemistry
37:45 Ring Archer Armor
37:46 Elite Genoese Crossbowman
39:31 Conscription
39:22 Pirotechnia
46:21 Squires
46:22 Scale Mail Armor
46:32 Forging
Stylomatenkind
0:26 Loom
11:33 Feudal Age
15:21 Castle Age
13:55 Scale Mail Armor
14:05 Forging
13:49 Double-Bit Axe
19:36 Horse Collar
21:59 Pikeman
22:51 Squires
24:15 Chain Mail Armor
27:31 Iron Casting
26:47 Fletching
28:06 Heavy Plow
33:50 Imperial Age
34:01 Anarchy
34:23 Gold Mining
35:14 Wheelbarrow
35:01 Conscription
35:10 Bow Saw
34:43 Halberdier
37:34 Two-Man Saw
37:36 Perfusion
38:47 Crop Rotation
38:33 Elite Huskarl
41:38 Hand Cart
41:09 Town Watch
41:24 Bodkin Arrow
42:44 Stone Mining
45:26 Stone Shaft Mining
Denver18780
9:37 Wheelbarrow
8:50 Loom
11:14 Feudal Age
18:32 Hand Cart
20:19 Castle Age
18:44 Gold Mining
20:34 Scale Barding Armor
20:17 Double-Bit Axe
21:08 Horse Collar
21:15 Cavalier
22:52 Husbandry
23:07 Forging
29:48 Heavy Plow
30:51 Devotion
32:01 Gold Shaft Mining
34:19 Iron Casting
34:49 Town Watch
35:28 Chain Barding Armor
35:34 Ballistics
36:46 Treadmill Crane
41:03 Imperial Age
39:12 Masonry
39:33 Fletching
40:21 Bodkin Arrow
40:51 Bow Saw
40:37 Stone Mining
42:19 Plate Barding Armor
42:21 Conscription
42:31 Murder Holes
45:07 Blast Furnace
45:47 Faith
48:00 Elite Coustillier
Connection lost

Rejoining the realm…

Still unreachable

The connection could not be restored.

Session expired

The server has moved on; the page needs a fresh start.